 Dungeon Crawl Stone Soup version 0.26.1-2-gb8aa6d0 (webtiles) character file.

Game seed: 17139144161050900728

546 Geeful the Covert (level 7, -2/49 HPs)
             Began as an Octopode Delver on Mar 21, 2021.
             Slain by Pikel
             ... wielding a +2 whip of electrocution
              (3 damage)
             ... on level 4 of the Dungeon.
             The game lasted 00:10:34 (4309 turns).

Geeful the Covert (Octopode Delver)                 Turns: 4309, Time: 00:10:35

Health: -2/49      AC:  1    Str: 11    XL:     7   Next: 28%
Magic:  11/11      EV: 15    Int: 20    God:
Gold:   205        SH:  0    Dex: 14    Spells: 12/12 levels left

rFire    . . .     SeeInvis .   a - +1 short sword
rCold    . . .     Faith    .   (no shield)
rNeg     . . .     Spirit   .   (helmet restricted)
rPois    .         Reflect  .   (no amulet)
rElec    .         Harm     .   v - +6 ring of intelligence
rCorr    .         Rampage  .   (no ring)
Will     .....                  (no ring)
Stlth    +++++.....             (no ring)
HPRegen  0.16/turn              (no ring)
MPRegen  0.12/turn              (no ring)
                                (no ring)
                                (no ring)

@: no status effects
A: almost no armour, stealthy swim, amphibious, 8 rings, constrict 8, camouflage
1, gelatinous body 1
a: no special abilities


You were on level 4 of the Dungeon.
You visited 1 branch of the dungeon, and saw 6 of its levels.

You collected 205 gold pieces.

Inventory:

Hand Weapons
 a - a +1 short sword (weapon)
Missiles
 g - 8 poisoned darts (quivered)
 l - a throwing net
Armour
 w - a +1 kite shield
Jewellery
 v - a +6 ring of intelligence (left tentacle)
Wands
 f - a wand of digging (3)
 n - a wand of random effects (17)
Scrolls
 b - 2 scrolls of fog
 c - 2 scrolls of magic mapping
 d - a scroll of fear
 i - a scroll of teleportation
 k - a scroll of blinking
 r - a scroll of identify
 s - 3 scrolls of enchant armour
Potions
 e - 2 potions of haste
 h - a potion of mutation {unknown}
 j - 3 potions of curing
 m - 2 potions of ambrosia {unknown}
 o - a potion of invisibility {unknown}
 p - a potion of degeneration {unknown}
 q - a potion of heal wounds {unknown}
 t - 3 potions of attraction {unknown}
 x - 3 potions of brilliance
 z - 2 potions of might {unknown}


   Skills:
 + Level 4.5 Fighting
 - Level 2.0 Short Blades
 + Level 4.0 Dodging
 + Level 8.3 Stealth
 * Level 2.3 Shields
 + Level 3.0 Spellcasting


You had 12 spell levels left.
You didn't know any spells.
Your spell library was empty.

Dungeon Overview and Level Annotations

Branches:
Dungeon (6/15)
 Temple: D:4-7

Altars:
Dithmenos
Elyvilon
Hepliaklqana
Nemelex Xobeh
Xom
Zin

Annotations:
D:3 1 runed translucent door, exclusion: downstairs
D:4 Pikel


Innate Abilities, Weirdness & Mutations

You cannot wear most types of armour.
You are very stealthy in the water. (Stealth+)
You are amphibious.
You can wear up to eight rings at the same time.
You can use your tentacles to constrict eight enemies at once.
Your skin changes colour to match your surroundings (Stealth+).
Your rubbery body absorbs attacks. (AC +1, EV +1)


Message History

Pikel is moderately wounded.
You constrict Pikel, but do no damage.
You hear a shout!
Pikel hits you with a +2 whip of electrocution.
You hit Pikel but do no damage.
Pikel is heavily wounded.
You constrict Pikel.
Pikel hits you with a +2 whip of electrocution!
The lemure hits you!
* * * LOW HITPOINT WARNING * * *
You hit Pikel but do no damage.
Pikel is heavily wounded.
You constrict Pikel.
Pikel hits you with a +2 whip of electrocution!
* * * LOW HITPOINT WARNING * * *
You hit Pikel but do no damage. You squeeze Pikel, but do no damage.
Pikel is heavily wounded.
You constrict Pikel.
Pikel hits you with a +2 whip of electrocution.
You die...

....#.......#.# #.....###
#...........#.# #.....#
..###.5..##.#.###.....#### ..
....................# ..
.##.##.#.####....[..# ###
#.##.#.# #.......# #..
#####....#.####.......# #..
#......###...5........# #..
+.....((.((.K@........# ####..
#......####.55........###.....
#......# #............##.####
###########....(..._....#.###.
..............#####........
############..#A..#..#..##.
### #...#...#.....##.
...######...#...#......#.
.......[....#####..##....


You could see an angel, Pikel (very poisoned) and 3 lemures.

Vanquished Creatures
  2 bullfrogs (D:6)
  A scorpion (D:4)
  A water moccasin skeleton (D:4)
  2 hounds (D:4)
  A centaur skeleton (D:4)
  An orc wizard (D:3)
  Ijyb (D:3)
  3 gnolls (D:3)
  3 adders
  3 oozes
  An adder skeleton (D:4)
  3 worms
  4 dart slugs
  3 leopard geckos (D:3)
  6 orcs
  3 ball pythons
  9 bats
  3 giant cockroaches (D:2)
  8 goblins
  10 hobgoblins
  A quokka (D:2)
  2 frilled lizards
  11 kobolds
  8 rats
90 creatures vanquished.

Notes
Turn   | Place    | Note
-------+----------+-------------------------------------------
     0 | D:5      | Geeful the Octopode Delver began the quest for the Orb.
     0 | D:5      | Reached XP level 1. HP: 16/16 MP: 1/1
    13 | D:6      | Noticed an ogre
    13 | D:6      | Noticed a wight
    13 | D:6      | Noticed a wight
    13 | D:6      | Noticed a wight
    13 | D:6      | Noticed a wight
   299 | D:6      | Noticed a bullfrog
   310 | D:6      | Killed a bullfrog
   311 | D:6      | Reached skill level 7 in Stealth
   311 | D:6      | Reached skill level 1 in Spellcasting
   311 | D:6      | Reached XP level 2. HP: 6/21 MP: 2/4
   311 | D:6      | Reached XP level 3. HP: 7/26 MP: 2/5
   311 | D:6      | Reached XP level 4. HP: 8/31 MP: 2/6
   330 | D:6      | Noticed a bullfrog
   444 | D:6      | Killed a bullfrog
   445 | D:6      | Reached XP level 5. HP: 18/37 MP: 7/7
   619 | D:6      | Found a shadowy altar of Dithmenos.
   831 | D:3      | Found a white marble altar of Elyvilon.
   831 | D:3      | Found a runed translucent door.
   831 | D:3      | Noticed an angel
  1441 | D:2      | Found a sparkling altar of Nemelex Xobeh.
  1531 | D:2      | Reached XP level 6. HP: 43/43 MP: 9/9
  2782 | D:3      | Found a hazy altar of Hepliaklqana.
  3193 | D:3      | Noticed Ijyb
  3208 | D:3      | Killed Ijyb
  3209 | D:3      | Reached skill level 8 in Stealth
  3257 | D:3      | Reached skill level 1 in Shields
  3352 | D:4      | Found a glowing silver altar of Zin.
  3353 | D:4      | Noticed an angel
  3576 | D:4      | Reached XP level 7. HP: 47/49 MP: 11/11
  3691 | D:4      | Found a shimmering altar of Xom.
  3877 | D:4      | Noticed Pikel
  3902 | D:4      | HP: 1/49 [Pikel/+2 whip of electrocution (17)]
  4308 | D:4      | HP: 1/49 [Pikel/+2 whip of electrocution (9)]
  4309 | D:4      | Slain by Pikel

Illustrated notes

Levels and vault maps discovered:
D:1:      dpeg_arrival_round_b, layout_basic, minmay_misc_feat_tiny
D:2:      layout_basic, nicolae_overflow_crystal_walls
D:3:      layout_basic, nzn_hepliaklqana_mist_gate, lemuel_angel_altar,
          uniq_ijyb
D:4:      layout_basic, grunt_temple_overflow_order_and_chaos_1,
          minmay_temple_entry_proselytizer, uniq_pikel
D:5:      layout_loops_cross, kennysheep_vampire_church,
          nicolae_ashenzari_panopticon, ebering_ghost_inner_flame, serial_shops,
          nicolae_shop_stone, uniq_sigmund
D:6:      layout_loops_ring, nicolae_overflow_hidden_temple,
          lemuel_coloured_pillars_altar, uniq_maggie

Skill      XL: |  1  2  3  4  5  6  7 |
---------------+----------------------+-----
Stealth        | 7 8 |  8.3
Spellcasting   | 1 2 3 |  3.0
Dodging        | 3 4 |  4.0
Fighting       | 4 |  4.5
Shields        | 1 2 |  2.3
Short Blades   | |  2.0

Action                   |  1- 3 |  4- 6 |  7- 9 || total
-------------------------+-------+-------+-------++-------
Melee: Short sword       |     6 |   166 |    28 ||   200
       Constrict         |     1 |    39 |     5 ||    45
       Tentacles         |     1 |    25 |     8 ||    34
Throw: Dart              |     4 |    12 |     7 ||    23
  Use: Scroll            |       |    10 |       ||    10
 Stab: Sleeping          |       |    31 |     2 ||    33
       Distracted        |       |     1 |       ||     1
Armor: Skin              |       |     6 |       ||     6
Dodge: Dodged            |     9 |   101 |    20 ||   130
